 Dungeon Crawl Stone Soup version 0.27.1-34-g3ba077fa99 (webtiles) character file.

Game seed: 16331869634547983717

205 Dadi the Skirmisher (level 5, -4/50 HPs)
             Began as a Minotaur Fighter on Jan 4, 2022.
             Slain by Edmund (11 damage)
             ... on level 4 of the Dungeon.
             The game lasted 00:03:38 (3517 turns).

Dadi the Skirmisher (Minotaur Fighter)              Turns: 3517, Time: 00:03:39

Health: -4/50      AC: 14    Str: 28    XL:     5   Next: 53%
Magic:  4/4        EV:  5    Int:  5    God:
Gold:   106        SH: 10    Dex:  9    Spells: 4/4 levels left

rFire    . . .     SeeInvis .   a - +0 long sword
rCold    . . .     Faith    .   c - +0 kite shield
rNeg     . . .     Spirit   .   n - +0 plate armour
rPois    .         Reflect  .   (helmet restricted)
rElec    .         Harm     .   (no cloak)
rCorr    .         Rampage  .   (no gloves)
Will     .....                  h - +2 pair of boots
Stlth    ..........             (no amulet)
HPRegen  0.16/turn              g - +6 ring of strength
MPRegen  0.09/turn              (no ring)

@: no status effects
A: horns 2, retaliatory headbutt
a: no special abilities


You were on level 4 of the Dungeon.
You visited 1 branch of the dungeon, and saw 4 of its levels.

You collected 106 gold pieces.

Inventory:

Hand Weapons
 a - a +0 long sword (weapon)
Armour
 b - a +0 scale mail
 c - a +0 kite shield (worn)
 h - a +2 pair of boots (worn)
 n - a +0 plate armour (worn)
Jewellery
 g - a +6 ring of strength (left hand)
 j - an amulet of guardian spirit
Scrolls
 l - 2 scrolls of holy word
 p - a scroll of teleportation {unknown}
 q - a scroll of torment {unknown}
Potions
 d - a potion of might
 f - a potion of flight {unknown}
 i - a potion of brilliance {unknown}
 o - a potion of cancellation {unknown}


   Skills:
 + Level 5.9 Fighting
 + Level 5.2 Long Blades
 - Level 3.6 Armour
 - Level 3.6 Shields


You had 4 spell levels left.
You didn't know any spells.
Your spell library contained the following spells:

 Spells                   Type           Power      Damage    Failure   Level
 Summon Small Mammal      Summ           0%         N/A       100%        1
 Call Canine Familiar     Summ           0%         N/A       100%        3
 Conjure Flame            Conj/Fire      0%         6-21      100%        3
 Ignite Poison            Fire/Tmut/Pois 0%         N/A       100%        3
 Summon Guardian Golem    Hex/Summ       0%         N/A       100%        3
 Sticky Flame             Conj/Fire      0%         2d3       100%        4


Dungeon Overview and Level Annotations

Branches:
Dungeon (4/15)
 Temple: D:4-7

Altars:
Uskayaw
Wu Jian

Annotations:
D:4 Edmund


Innate Abilities, Weirdness & Mutations

You have a pair of horns on your head.
You reflexively headbutt those who attack you in melee.


Message History

HP restored.
Edmund the Younger comes into view.
He is wielding a +3 dire flail of protection.
Edmund is nearby!
Edmund hits you with a +3 dire flail of protection!
You hit Edmund. You headbutt Edmund, but do no damage.
Edmund is lightly wounded.
Edmund hits you with a +3 dire flail of protection!
You hit Edmund but do no damage. You headbutt Edmund!
Edmund is moderately wounded.
You block Edmund's attack. x2
You barely miss Edmund.
Edmund is moderately wounded.
Edmund hits you with a +3 dire flail of protection.
You hit Edmund but do no damage.
Edmund is moderately wounded.
You hear the rusting of a drain nearby.
Edmund hits you with a +3 dire flail of protection. x2
You are too injured to fight recklessly!
You are too injured to fight recklessly!
You hit Edmund.
Edmund is moderately wounded.
You block Edmund's attack.
You hit Edmund.
Edmund is heavily wounded.
You block Edmund's attack.
You hit Edmund but do no damage. You headbutt Edmund, but do no damage.
Edmund is heavily wounded.
Edmund hits you with a +3 dire flail of protection!
* * * LOW HITPOINT WARNING * * *
Edmund gestures with his flail.
You block Edmund's attack.
Your plate armour prevents you from hitting Edmund.
You headbutt Edmund, but do no damage.
Edmund is heavily wounded.
Edmund hits you with a +3 dire flail of protection.
* * * LOW HITPOINT WARNING * * *
You closely miss Edmund.
Edmund is heavily wounded.
Edmund hits you with a +3 dire flail of protection!
You die...

*≈**,*≈*,,,,,,* *,**,,,,,
≈*≈*≈*≈*,,,,,,* #......,,
≈*∩*≈*≈*,,,,,,* #.....,**
,***≈*,*,,,,,,* #..[.,,*
≈≈≈,**≈*,,,,,,* #...,,,*
******≈*,,,,,,* #..,,,,*
,,≈≈≈≈******+#** #.#***** *******
#.#.##########.#######
***********#...@@................
,,,,,,,,,.....###########...†....
,,,,,,,,,...,,*,≈≈.b≈.,,###..####
,,**,,,,,.,,,,*≈≈.≈.P.≈≈#........
,,**,,,,,,,,,*#≈≈.≈.≈≈≈≈#........
,,**,,,,,,,,,+###########.#..###.
,,**,,,,,,,,,.............#..# *,
,,***********##############..# **
***************,≈,,,≈.≈≈* #..####


You could see Edmund.

Vanquished Creatures
  An orc priest (D:3)
  A jelly (D:3)
  Jessica (D:2)
  5 adders
  2 worms
  3 dart slugs
  4 orcs
  6 bats
  5 endoplasms
  5 giant cockroaches
  8 goblins
  5 hobgoblins
  3 quokkas
  3 ball pythons
  A frilled lizard (D:3)
  6 kobolds
  3 rats (D:1)
62 creatures vanquished.

Vanquished Creatures (others)
  18 fungi (D:4)
  3 withered plants (D:1)
21 creatures vanquished.

Grand Total: 83 creatures vanquished

Notes
Turn   | Place    | Note
-------+----------+-------------------------------------------
     0 | D:1      | Dadi the Minotaur Fighter began the quest for the Orb.
     0 | D:1      | Reached XP level 1. HP: 19/19 MP: 0/0
   351 | D:1      | Reached XP level 2. HP: 27/27 MP: 1/1
   900 | D:1      | You fall into a shaft and drop 1 floor!
   929 | D:2      | Reached XP level 3. HP: 17/34 MP: 2/2
  1499 | D:2      | Noticed Jessica
  1507 | D:2      | Killed Jessica
  1544 | D:2      | Reached XP level 4. HP: 41/41 MP: 3/3
  1680 | D:2      | Reached skill level 5 in Fighting
  1889 | D:3      | Found an ornate altar of the Wu Jian Council.
  1918 | D:3      | Found a hide-covered altar of Uskayaw.
  2170 | D:1      | Found a faded altar of an unknown god.
  2722 | D:3      | Reached XP level 5. HP: 40/48 MP: 4/4
  2788 | D:3      | Reached skill level 5 in Long Blades
  3505 | D:4      | Noticed Edmund
  3517 | D:4      | Slain by Edmund

Illustrated notes

Levels and vault maps discovered:
D:1:      dpeg_arrival_arbitrary_c, layout_loops_ring,
          ebering_ecumenical_altar_petrified, chequers_serial_rivers_room_a
D:2:      layout_basic, uniq_jessica
D:3:      layout_basic, nicolae_uskayaw_murder_on_the_dancefloor,
          lemuel_round_altar, chequers_serial_rivers_micro_e
D:4:      layout_basic, grunt_qazlal_clouds, gup_sewer_entry_spiral,
          serial_aquarium, aquarium_bridge_square [aquarium_subvault_window,
          aquarium_subvault_wall, aquarium_subvault_bridge,
          aquarium_subvault_window], aquarium_bridge_straight
          [aquarium_subvault_bridge, aquarium_subvault_window,
          aquarium_subvault_bridge, aquarium_subvault_wall], aquarium_window_2,
          aquarium_window_corner, aquarium_window_1, aquarium_view_4,
          aquarium_balcony_1b, uniq_edmund

Skill      XL: |  1  2  3  4  5 |
---------------+----------------+-----
Fighting       | 4 5 |  5.9
Long Blades    | 3 4 5 |  5.2
Armour         | |  3.6
Shields        | |  3.6

Action                   |  1- 3 |  4- 6 || total
-------------------------+-------+-------++-------
Melee: Long sword        |    81 |    94 ||   175
       Headbutt          |     5 |    12 ||    17
  Use: Scroll            |       |     3 ||     3
Armor: Scale mail        |    28 |    15 ||    43
       Plate armour      |       |    40 ||    40
Dodge: Dodged            |    17 |    27 ||    44
Block: Kite shield       |    36 |    55 ||    91
       Rpst.: Long sword |     3 |     4 ||     7
